 Dungeon Crawl Stone Soup version 0.17-a0-1360-g37db002 (webtiles) character file.

89 ololoev the Slasher (level 4, -1/33 HPs)
             Began as a Mummy Warper on June 11, 2015.
             Slain by an orc (4 damage)
             ... on level 2 of the Dungeon.
             The game lasted 00:02:54 (2676 turns).

ololoev the Slasher (Mummy Warper)                  Turns: 2676, Time: 00:02:55

Health: -1/33      AC:  9    Str: 15    XL:     4   Next: 31%
Magic:  7/7        EV:  6    Int: 12    God:
Gold:   77         SH:  0    Dex: 11    Spells: 1 memorised, 6 levels left

rFire  x . .     SeeInvis .     a - +0 falchion
rCold  + . .     Clarity  .     j - +0 chain mail
rNeg   + + +     SustAt   .     (no shield)
rPois  ∞         Gourm    .     f - +0 helmet
rElec  .         Spirit   .     (no cloak)
rCorr  .         Warding  .     (no gloves)
rMut   .         Stasis   .     (no boots)
MR     .....                    (no amulet)
Stlth  ..........               (no ring)
                                (no ring)

@: not resistant to hostile enchantments, extremely unstealthy
A: no food or potions, fire vulnerability, cold resistance 1, negative energy
resistance 3, torment resistance, unbreathing
a: no special abilities


Innate Abilities, Weirdness & Mutations

You do not eat or drink.
Your flesh is vulnerable to fire.
You are immune to poison.
Your flesh is cold resistant.
You are immune to negative energy.
You are immune to unholy pain and torment.
You can survive without breathing.

Inventory:

Hand weapons
 a - a +0 falchion (weapon)
Missiles
 e - 5 tomahawks of dispersal (quivered)
Armour
 f - a +0 helmet (worn)
 j - a +0 chain mail (worn)
Scrolls
 b - a scroll of recharging {unknown}
 d - 2 scrolls of blinking
 g - 2 scrolls of fog {unknown}
 h - 5 scrolls of identify {unknown}
 i - a scroll of amnesia {unknown}
 k - 2 scrolls of random uselessness {unknown}
 l - 2 scrolls of magic mapping {unknown}
 m - 2 scrolls of remove curse {unknown}
 n - a scroll of enchant armour {unknown}
Books
 c - a book of Spatial Translocations

   Spells                             Type                      Level
   a - Apportation                    Translocation                1
   b - Blink                          Translocation                2
   c - Shroud of Golubria             Charms/Translocation         2
   d - Portal Projectile              Translocation                3
   e - Teleport Other                 Translocation                3
   f - Passage of Golubria            Translocation                4


   Skills:
 - Level 2.0 Fighting
 * Level 3.2 Long Blades
 - Level 0.7 Throwing
 + Level 2.0 Armour
 - Level 1.5 Dodging
 - Level 2.0 Spellcasting
 - Level 2.4 Translocations


You had 6 spell levels left.
You knew the following spells:

 Your Spells              Type           Power        Failure   Level  Hunger
a - Apportation           Tloc           #.........   99%         1    N/A


You were on level 2 of the Dungeon.
You were not hungry.

You visited 1 branch of the dungeon, and saw 2 of its levels.

You collected 77 gold pieces.

.# ... ##.## #...#. .# ###.####
#.# ###... .# ###......# #.# ##.#
.# #........# ##'## #.# .#
#.#.#.##.# ##...## #.# .# #
#.#.##.# ##.....## #.# .# #
#.#....## #.......## ##.#
.###.#.###...####.........####...
...............o@.........'.)....
...#.........####.........###....
...######.#.## ##.......## #....
.#.# #.### ##.....## #.... !#.#
#.# ##...## ##... .#.# #.# ##'##
#### .#.# #.# #.# .#.# #.# #.#
...# #.# ##.##

Notes
Turn   | Place    | Note
--------------------------------------------------------------
     0 | D:1      | ololoev the Mummy Warper began the quest for the Orb.
     0 | D:1      | Reached XP level 1. HP: 16/16 MP: 3/3
   270 | D:1      | Reached skill level 1 in Armour
   649 | D:1      | Reached XP level 2. HP: 22/22 MP: 5/5
  1640 | D:2      | Reached XP level 3. HP: 13/27 MP: 6/6
  2246 | D:2      | Reached XP level 4. HP: 31/33 MP: 7/7
  2263 | D:2      | Reached skill level 3 in Long Blades
  2523 | D:2      | Found a stormy altar of Qazlal.
  2524 | D:2      | Found a burning altar of Makhleb.
  2676 | D:2      | Slain by an orc

Dungeon Overview and Level Annotations

Branches:
Dungeon (2/15)

Altars:
Makhleb
Qazlal


Message History

The orc hits you but does no damage.
You hit the orc.
The orc is severely wounded.
The orc hits you with a hand axe.
You slash the orc!
You kill the orc!
You slash the orc!
You kill the orc!
You barely miss the orc. The orc hits you but does no damage.
You hit the orc.
The orc is heavily wounded.
The orc hits you but does no damage.
You completely miss the orc.
The orc is heavily wounded.
The orc hits you.
You hit the orc but do no damage.
The orc is heavily wounded.
The orc hits you.
You closely miss the orc.
The orc is heavily wounded.
The orc hits you but does no damage.
You barely miss the orc.
The orc is heavily wounded.
The orc hits you. The orc closely misses you.
You barely miss the orc.
The orc is heavily wounded.
The orc hits you.
You closely miss the orc.
The orc is heavily wounded.
The orc barely misses you.
You hit the orc but do no damage.
The orc is heavily wounded.
The orc hits you but does no damage.
You closely miss the orc.
The orc is heavily wounded.
The orc hits you but does no damage.
You barely miss the orc.
The orc is heavily wounded.
The orc hits you.
You die...

You could see an orc.

Vanquished Creatures
  4 adders (D:2)
  An ooze (D:2)
  3 orcs (D:2)
  5 bats
  3 giant cockroaches
  6 hobgoblins
  2 jackals (D:2)
  5 kobolds
  2 ball pythons
  6 giant newts
  5 goblins
  2 quokkas (D:2)
  5 rats
49 creatures vanquished.

Action                   |  1- 3 |  4- 6 || total
-------------------------+-------+-------++-------
Melee: Falchion          |   203 |    78 ||   281

Vault maps used:
D:1:      dpeg_arrival_chase, patterned_corridor
D:2:      nicolae_overflow_hidden_temple, first_bread
